Map: World of Sleepers LE

Players

puCK (Nina)

  • Race: Protoss Protoss
  • Spawn Location: 7:00

Harstem - Winner!

  • Race: Protoss Protoss
  • Spawn Location: 1:00

VOD

Have the link to the VOD?

Description

Time

  • Played on: Sept. 6, 2019, 4:29 p.m.
  • Length: 12:05
Show
View Real Time Build Order
Export as new Build Order

puCK Protoss 

Build Orders: Phoenix Opening, Zealot Archon 

Get SALT Encoding   

  12  0:00  Probe  
  13  0:12  Probe  
  14  0:18  Pylon  
  14  0:24  Probe  
  15  0:34  Probe  
  15  0:36  Gateway  
  15  0:42  Probe  
  16  0:49  Assimilator  
  17  0:52  Probe  
  17  0:55  Assimilator  
  18  1:00  Probe  
  19  1:08  Probe  
  19  1:09  Gateway  
  20  1:18  Probe  
  21  1:25  Cybernetics Core  
  21  1:30  Probe  
  22  1:36  Pylon  
  22  1:42  Probe  
  23  1:54  Probe  
  24  2:04  Warp Gate  
  24  2:07  Stalker  
  24  2:08  Sentry  
  28  2:11  Pylon  
  28  2:36  Stalker  
  30  2:37  Stalker  
  30  2:42  Phoenix  
  32  2:47  Nexus  
  32  2:50  Probe  
  33  3:00  Robotics Facility  
  33  3:02  Probe  
  34  3:14  Probe  
  34  3:18  Pylon  
  35  3:27  Gateway, Probe  
  36  3:39  Probe  
  36  3:41  Observer  
  38  3:51  Probe  
  38  3:54  Stalker  
  41  3:56  Shield Battery  
  41  3:59  Immortal, Probe  
  42  4:03  Probe  
  47  4:12  Probe  
  48  4:17  Probe  
  49  4:26  Pylon, Sentry x2  
  49  4:27  Probe  
  49  4:30  Probe  
  55  4:34  Stalker  
  55  4:35  Probe  
  55  4:37  Immortal  
  57  4:42  Probe  
  59  4:45  Probe  
  64  4:54  Probe  
  64  4:58  Pylon  
  64  4:59  Probe  
  66  5:07  Forge  
  66  5:10  Twilight Council  
  66  5:13  Pylon  
  66  5:19  Warp Prism  
  68  5:23  Probe  
  68  5:24  Probe  
  68  5:27  Assimilator  
  68  5:28  Protoss Ground Weapons Level 1  
  70  5:32  Assimilator  
  71  5:35  Probe  
  71  5:38  Adept  
  71  5:39  Adept  
  71  5:42  Charge  
  75  5:46  Photon Cannon  
  75  5:54  Gateway  
  75  6:05  Probe x2  
  75  6:08  Gateway  
  75  6:12  Gateway  
  75  6:16  Gateway  
  72  6:22  Gateway  
  72  6:24  Templar Archives  
  72  6:26  Immortal  
  72  6:29  Zealot  
  78  6:43  Zealot x2  
  82  6:55  Pylon  
  82  6:56  Pylon  
  81  7:02  Probe  
  81  7:07  Photon Cannon, Zealot x2  
  84  7:19  Pylon  
  84  7:22  High Templar x2  
  88  7:26  Archon  
  88  7:27  High Templar  
  88  7:28  High Templar  
  88  7:29  Zealot  
  94  7:35  Pylon, Archon  
  94  7:41  High Templar x2  
  94  7:42  Zealot  
  100  7:48  Archon  
  100  7:52  Nexus  
  100  7:54  Zealot  
  100  7:55  Pylon  
  100  7:57  Pylon  
  102  8:01  Pylon  
  102  8:07  Pylon  
  102  8:13  Zealot x2  
  102  8:16  Zealot  
  102  8:19  High Templar x2  
  112  8:21  Zealot  
  112  8:23  Archon  
  114  8:36  Protoss Ground Weapons Level 2  
  114  8:38  Stalker x2  
  118  8:42  Zealot x2  
  118  8:48  Zealot x2  
  114  8:55  Zealot x3  
  106  9:06  Zealot x2  
  108  9:13  Probe  
  108  9:16  Probe  
  106  9:23  Pylon  
  100  9:25  Probe  
  100  9:26  High Templar  
  100  9:27  Pylon  
  100  9:28  Probe  
  100  9:32  High Templar x2  
  100  9:33  High Templar  
  100  9:37  Archon  
  100  9:38  Archon  
  100  9:39  Zealot  
  102  9:48  Zealot  
  104  9:53  Zealot  
  104  9:54  Probe  
  104  9:55  Probe  
  106  10:01  Zealot x3  
  106  10:06  Probe  
  113  10:07  Probe  
  113  10:12  High Templar x2  
  115  10:15  Stalker x2  
  115  10:17  Archon  
  115  10:18  Probe  
  115  10:20  Probe  
  116  10:30  Probe x2  
  116  10:34  Probe  
  119  10:38  Probe  
  119  10:41  Robotics Bay  
  119  10:42  Probe  
  121  10:46  Probe  
  121  10:47  Probe  
  122  10:50  Photon Cannon  
  122  10:54  Probe  
  124  10:58  Probe  
  124  10:59  Probe, Robotics Facility  
  126  11:12  Zealot x4  
  126  11:13  Zealot  
  126  11:16  High Templar x2  
  140  11:21  Archon  
  140  11:24  Assimilator  
  140  11:25  Assimilator  
  140  11:26  Pylon  
  140  11:27  Pylon  
  138  11:38  Zealot x5  
  148  11:45  Zealot  
  145  11:59  Zealot x3  
Show
View Real Time Build Order
Export as new Build Order

Harstem Protoss - Winner!

Build Orders: Oracle Opening, Phoenix Opening, Archon Immortal 

Get SALT Encoding   

  12  0:00  Probe  
  13  0:12  Probe  
  14  0:17  Pylon  
  14  0:24  Probe  
  15  0:32  Probe  
  15  0:37  Gateway  
  15  0:40  Probe  
  16  0:49  Assimilator  
  17  0:51  Probe  
  17  0:55  Assimilator  
  18  0:59  Probe  
  19  1:07  Probe  
  19  1:08  Gateway  
  19  1:17  Probe  
  20  1:24  Cybernetics Core  
  21  1:29  Probe  
  22  1:34  Pylon  
  22  1:41  Probe  
  23  1:53  Probe  
  24  2:00  Sentry, Stalker  
  28  2:02  Warp Gate  
  28  2:10  Pylon  
  28  2:18  Probe  
  29  2:32  Stargate  
  29  2:36  Phoenix  
  29  2:42  Nexus  
  29  2:45  Probe  
  30  2:52  Stalker  
  30  2:57  Probe  
  33  3:06  Oracle, Pylon  
  33  3:09  Probe  
  37  3:21  Probe  
  38  3:32  Robotics Facility  
  38  3:33  Probe  
  39  3:44  Oracle  
  39  3:45  Probe  
  39  3:48  Shield Battery  
  43  3:56  Probe  
  43  3:57  Probe  
  43  4:01  Zealot  
  47  4:07  Immortal  
  47  4:08  Probe  
  47  4:09  Probe  
  49  4:20  Probe  
  54  4:26  Probe  
  54  4:27  Pylon  
  55  4:32  Probe  
  55  4:36  Immortal  
  56  4:39  Probe  
  56  4:44  Assimilator  
  57  4:48  Probe  
  62  4:53  Forge, Probe  
  63  5:00  Probe  
  63  5:02  Assimilator  
  63  5:06  Probe  
  65  5:07  Warp Prism  
  65  5:09  Pylon  
  66  5:18  Pylon  
  68  5:24  Zealot  
  68  5:25  Probe  
  70  5:29  Probe  
  70  5:31  Protoss Ground Weapons Level 1  
  70  5:34  Twilight Council  
  71  5:35  Pylon  
  71  5:39  Probe  
  75  5:50  Immortal  
  75  5:56  Gateway  
  75  5:57  Gateway  
  75  6:01  Gateway  
  75  6:09  Gateway  
  75  6:13  Gateway  
  75  6:23  Probe x2  
  77  6:26  Templar Archives  
  77  6:29  Charge  
  77  6:30  Gateway  
  77  6:42  Phoenix  
  77  6:43  Zealot x2, Probe  
  78  6:48  Probe  
  81  7:01  Templar Archives  
  81  7:03  Probe  
  81  7:05  Pylon  
  82  7:18  Pylon  
  82  7:27  Pylon, Probe x2  
  84  7:39  Probe  
  84  7:41  Protoss Ground Weapons Level 2  
  84  7:42  High Templar x2  
  84  7:43  High Templar x2  
  91  7:45  Shield Battery  
  91  7:49  Immortal  
  91  7:50  Archon x2  
  91  7:51  Probe  
  91  7:52  Nexus  
  91  7:54  Pylon  
  91  7:55  Probe  
  93  8:03  Probe  
  98  8:07  Probe  
  98  8:09  Dark Shrine  
  99  8:15  Probe  
  99  8:18  Shield Battery  
  99  8:19  Probe  
  101  8:20  Shield Battery  
  101  8:21  Shield Battery  
  101  8:25  Photon Cannon  
  101  8:29  High Templar  
  101  8:30  High Templar  
  101  8:31  Zealot x2  
  111  8:36  Shield Battery  
  111  8:37  Archon  
  109  8:42  Zealot x3  
  115  8:49  Zealot  
  115  8:55  Zealot x2  
  119  8:59  Probe  
  118  9:03  Probe  
  118  9:04  Zealot x3  
  118  9:06  Probe  
  124  9:11  Probe  
  124  9:17  High Templar x2  
  121  9:27  Archon  
  121  9:33  Probe  
  121  9:38  Zealot x4, Dark Templar x2  
  135  9:46  Pylon  
  135  9:47  Assimilator  
  134  9:52  Assimilator  
  134  10:02  Probe  
  134  10:05  Photon Cannon  
  134  10:06  Pylon  
  135  10:07  Pylon  
  135  10:13  Pylon  
  135  10:15  High Templar x3  
  135  10:16  High Templar  
  135  10:20  Immortal, Archon  
  135  10:21  Zealot, Archon  
  141  10:22  Zealot x2  
  141  10:23  Pylon  
  141  10:25  Shield Battery  
  147  10:32  Photon Cannon  
  147  10:34  Pylon  
  151  10:38  Photon Cannon  
  151  10:47  Zealot x5  
  161  10:50  Immortal  
  161  10:58  Pylon  
  165  11:12  High Templar  
  165  11:13  High Templar x2  
  165  11:14  Zealot x4  
  165  11:15  High Templar  
  181  11:19  Archon  
  181  11:20  Archon  
  175  11:40  Zealot x2, High Templar x2  
  175  11:46  Pylon  
  175  11:47  Archon  
  183  11:48  Pylon  
  183  11:49  Zealot x4  
  146  12:03  Zealot x2  
Tags
 
Add a new tag
Caveats
  • Supply blocks, unpowered buildings, or Contaminate may cause inaccurate times.
  • Supply counts are checked every 10 seconds.